 Dungeon Crawl Stone Soup version 0.28.0-43-g3370ac3207 (webtiles) character file.

Game seed: 16534456748719895381

282 terff the Skirmisher (level 6, -3/49 HPs)
             Began as a Human Fighter on Mar 30, 2022.
             Slain by an iguana (8 damage)
             ... on level 4 of the Dungeon.
             The game lasted 00:06:19 (3266 turns).

terff the Skirmisher (Human Fighter)                Turns: 3266, Time: 00:06:20

Health: -3/49      AC:  8    Str: 22    XL:     6   Next: 53%
Magic:  6/6        EV: 10    Int:  8    God:
Gold:   104        SH:  5    Dex: 15    Spells: 5/5 levels left

rFire   . . .      SeeInvis .   a - +0 flail
rCold   . . .      Faith    .   c - +0 buckler
rNeg    . . .      Spirit   .   b - +0 scale mail
rPois   .          Reflect  .   q - +0 helmet
rElec   .          Harm     .   (no cloak)
rCorr   .          Rampage  .   (no gloves)
Will    .....                   (no boots)
Stlth   ..........              (no amulet)
HPRegen 0.16/turn               h - +6 ring of strength
MPRegen 0.10/turn               (no ring)

@: no status effects
A: no striking features
a: no special abilities


You were on level 4 of the Dungeon.
You visited 1 branch of the dungeon, and saw 4 of its levels.

You collected 104 gold pieces.

Inventory:

Hand Weapons
 a - a +0 flail (weapon)
 i - a +0 war axe
Missiles
 e - 3 throwing nets (quivered)
Armour
 b - a +0 scale mail (worn)
 c - a +0 buckler (worn)
 q - a +0 helmet (worn)
Jewellery
 h - a +6 ring of strength (left hand)
Potions
 d - a potion of might
 f - 2 potions of flight
 g - 2 potions of curing
 j - a potion of brilliance
 l - a potion of ambrosia
 m - 2 potions of degeneration
 o - a potion of resistance {unknown}
 p - 2 potions of lignification {unknown}


   Skills:
 * Level 4.4 Fighting
 + Level 3.5 Maces & Flails
 + Level 4.0 Armour
 + Level 1.4 Dodging
 + Level 0.3 Stealth
 + Level 3.8 Shields


You had 5 spell levels left.
You didn't know any spells.
Your spell library was empty.

Dungeon Overview and Level Annotations

Branches:
Dungeon (3/15)

Altars:

Annotations:
D:3 Sigmund


Message History

You block the centaur zombie's attack. The orc hits you with a +0 whip.
You hit the centaur zombie.
The centaur zombie is lightly damaged.
You block the centaur zombie's attack.
The centaur zombie kicks you but does no damage.
The orc hits you but does no damage. x2
You hit the iguana.
The iguana is lightly wounded.
The orc hits you with a +0 whip. You block the iguana's attack.
You sock the centaur zombie!
The centaur zombie is moderately damaged.
The centaur zombie hits you but does no damage.
The centaur zombie kicks you but does no damage.
The orc barely misses you.
The iguana hisses menacingly.
The iguana bites you!
As you read the scroll of teleportation, it crumbles to dust.
You feel strangely unstable. You block the centaur zombie's attack.
The centaur zombie kicks you but does no damage.
The orc hits you with a +0 whip. The iguana bites you!
The centaur zombie hits you.
* * * LOW HITPOINT WARNING * * *
The centaur zombie kicks you but does no damage.
You hit the centaur zombie.
The centaur zombie is heavily damaged.
The centaur zombie barely misses you. You block the centaur zombie's attack.
The orc hits you but does no damage.
The iguana bites you but does no damage.
You hit the centaur zombie but do no damage.
The centaur zombie is heavily damaged.
Your surroundings suddenly seem different.
A goblin, an iguana and an adder come into view.
The goblin shouts!
The iguana hisses angrily.
The adder hisses angrily.
The adder bites you but does no damage. The iguana completely misses you.
The adder closely misses you. The iguana barely misses you.
An orc priest comes into view. It is wielding a +0 short sword.
The iguana bites you!
* * * LOW HITPOINT WARNING * * *
The adder bites you but does no damage. The iguana bites you!
You die...

....# ...#### #
......# ..
.....##..o
#.....g... #####
#.........
......##.........
#..@S........
####l........
#.........
#.........
#.........
##########


You could see an iguana, an adder and a goblin.

Vanquished Creatures
  A sky beast (D:2)
  An orc priest (D:4)
  Jessica (D:2)
  Terence (D:2)
  Robin (D:2)
  3 gnolls (D:3)
  An adder (D:3)
  A worm (D:2)
  A dart slug (D:2)
  An orc (D:4)
  2 endoplasms (D:2)
  2 giant cockroaches
  13 goblins
  7 hobgoblins
  2 quokkas
  3 ball pythons (D:1)
  2 bats (D:1)
  A frilled lizard (D:1)
  7 kobolds
  3 rats
54 creatures vanquished.

Vanquished Creatures (others)
  4 toadstools (D:1)
4 creatures vanquished.

Grand Total: 58 creatures vanquished

Notes
Turn   | Place    | Note
-------+----------+-------------------------------------------
     0 | D:1      | terff the Human Fighter began the quest for the Orb.
     0 | D:1      | Reached XP level 1. HP: 18/18 MP: 1/1
   148 | D:1      | Reached XP level 2. HP: 24/24 MP: 2/2
  1132 | D:2      | Reached XP level 3. HP: 23/29 MP: 3/3
  1371 | D:2      | Noticed Terence
  1380 | D:2      | Killed Terence
  1381 | D:2      | Reached XP level 4. HP: 23/35 MP: 4/4
  2011 | D:3      | Noticed Jessica
  2013 | D:3      | Noticed Robin
  2059 | D:2      | Killed Jessica
  2165 | D:2      | Killed Robin
  2166 | D:2      | Reached XP level 5. HP: 11/42 MP: 5/5
  2652 | D:3      | Noticed Sigmund
  2922 | D:3      | Noticed a sky beast
  2944 | D:2      | Killed a sky beast
  2945 | D:2      | Reached skill level 1 in Dodging
  2945 | D:2      | Reached XP level 6. HP: 35/48 MP: 6/6
  3238 | D:3      | You fall into a shaft and drop 1 floor!
  3266 | D:4      | Slain by an iguana

Illustrated notes

Levels and vault maps discovered:
D:1:      ldierk_walled_garden_2, layout_rooms
D:2:      layout_basic, kennysheep_another_room, dk_vineyard_2,
          minmay_tree_intersection, uniq_terence
D:3:      wander_river, layout_rooms, nicolae_ecumenical_lake_church,
          uniq_sigmund, uniq_robin, uniq_jessica
D:4:      layout_rooms, grunt_temple_overflow_order_and_chaos_1, uniq_pikel

Skill      XL: |  1  2  3  4  5  6 |
---------------+-------------------+-----
Maces & Flails | 3 |  3.5
Fighting       | 4 |  4.4
Dodging        | 1 |  1.4
Armour         | 4 |  4.0
Stealth        | |  0.3
Shields        | |  3.8

Action                   |  1- 3 |  4- 6 || total
-------------------------+-------+-------++-------
Melee: Flail             |    68 |   119 ||   187
  Use: Scroll            |     3 |     5 ||     8
Armor: Scale mail        |    63 |    75 ||   138
Dodge: Dodged            |    34 |    58 ||    92
Block: Buckler           |    19 |    43 ||    62
